 Dungeon Crawl Stone Soup version 0.27-a0-200-g8ba017916c (webtiles) character file.

Game seed: 7067970029628801259

243 kae the Chopper (level 6, -7/55 HPs)
             Began as a Hill Orc Fighter on Jan 29, 2021.
             Killed by divine providence
             ... invoked by an orc priest
              (16 damage)
             ... on level 4 of the Dungeon.
             The game lasted 00:02:50 (3278 turns).

kae the Chopper (Hill Orc Fighter)                  Turns: 3278, Time: 00:02:50

Health: -7/55      AC:  8    Str: 21    XL:     6   Next: 9%
Magic:  6/6        EV:  8    Int:  8    God:
Gold:   226        SH:  9    Dex: 10    Spells: 5/5 levels left

rFire    . . .     SeeInvis .   a - +1 war axe
rCold    . . .     Faith    .   c - +0 kite shield
rNeg     . . .     Spirit   .   b - +1 scale mail
rPois    .         Reflect  .   (no helmet)
rElec    .         Harm     .   (no cloak)
rCorr    .         Rampage  .   (no gloves)
Will     .....                  (no boots)
Stlth    ..........             (no amulet)
HPRegen  0.18/turn              (no ring)
MPRegen  0.10/turn              (no ring)

@: no status effects
A: no striking features
a: Convert to Beogh


You were on level 4 of the Dungeon.
You visited 1 branch of the dungeon, and saw 4 of its levels.

You collected 226 gold pieces.

Inventory:

Hand Weapons
 a - a +1 war axe (weapon)
Armour
 b - a +1 scale mail (worn)
 c - a +0 kite shield (worn)
Scrolls
 h - 2 scrolls of remove curse
Potions
 d - a potion of might
 e - a potion of curing {unknown}
 f - 2 potions of attraction
 g - a potion of degeneration {unknown}
 i - a potion of cancellation {unknown}
 j - a potion of flight {unknown}
 k - a potion of heal wounds {unknown}
 l - a potion of ambrosia {unknown}


   Skills:
 + Level 4.8 Fighting
 * Level 5.5 Axes
 + Level 4.3 Armour
 + Level 1.9 Dodging
 - Level 3.2 Shields


You had 5 spell levels left.
You didn't know any spells.
Your spell library contained the following spells:

 Spells                   Type           Power        Failure   Level
 Confusing Touch          Hex            0%           100%        3
 Gell's Gravitas          Tloc           0%           100%        3
 Petrify                  Tmut/Erth      0%           100%        4
 Metabolic Englaciation   Hex/Ice        0%           100%        5
 Yara's Violent Unravell  Hex/Tmut       0%           100%        5


Dungeon Overview and Level Annotations

Branches:
Dungeon (4/15)
 Temple: D:4-7

Altars:
Elyvilon
Gozag
Okawaru
Zin


Message History

You barely miss the orc wizard.
The orc wizard is severely wounded.
The orc wizard casts a spell at itself.
The orc wizard flickers and vanishes!
Deactivating autopickup; reactivate with Ctrl-A.
You miss something. You block something's attack.
Something hits you but does no damage.
You barely miss something. Something hits you but does no damage.
You miss something. Something hits you but does no damage.
The orc priest mumbles some strange prayers to Beogh against you.
Beogh smites you!
* * * LOW HITPOINT WARNING * * *
You hear some strange, mumbled words.
A puff of flame appears from out of thin air!
The puff of flame hits you.
* * * LOW HITPOINT WARNING * * *
You miss something. Something hits you but does no damage.
The orc priest calls down the wrath of Beogh upon you.
Beogh smites you!
You die...

#..# ######.#.# #..#
######.#.. .. #..#
#......#.# ....###..#
#......#.#
.........###......#.#
..####.#........##.#
#..........##.#
####.#####........>.##.#
...)oo{@)...........##.#
####o#####..........##.#
#############.#


You could see an orc priest and 2 orcs.

Vanquished Creatures
  A centaur skeleton (D:4)
  2 worker ants (D:4)
  3 gnolls (D:4)
  A howler monkey skeleton (D:4)
  5 adders
  An ooze (D:3)
  A worm (D:2)
  3 dart slugs
  2 leopard geckos
  2 orcs (D:4)
  4 giant cockroaches
  6 goblins
  2 hobgoblins (D:2)
  6 jackals
  10 kobolds
  3 quokkas
  4 ball pythons
  10 bats
  2 frilled lizards (D:2)
  A quokka skeleton (D:4)
  6 rats
75 creatures vanquished.

Notes
Turn   | Place    | Note
-------+----------+-------------------------------------------
     0 | D:1      | kae the Hill Orc Fighter began the quest for the Orb.
     0 | D:1      | Reached XP level 1. HP: 19/19 MP: 1/1
   137 | D:1      | Reached skill level 3 in Axes
   618 | D:1      | Reached XP level 2. HP: 25/27 MP: 2/2
  1108 | D:2      | Reached XP level 3. HP: 33/33 MP: 3/3
  1474 | D:2      | Found a glowing silver altar of Zin.
  1474 | D:2      | Found an opulent altar of Gozag.
  1522 | D:2      | Reached skill level 1 in Dodging
  1703 | D:2      | Reached skill level 4 in Axes
  1736 | D:2      | Found a white marble altar of Elyvilon.
  1740 | D:2      | Reached XP level 4. HP: 40/40 MP: 4/4
  2591 | D:4      | Reached XP level 5. HP: 18/47 MP: 5/5
  2906 | D:4      | Reached skill level 5 in Axes
  2943 | D:4      | Reached XP level 6. HP: 29/53 MP: 6/6
  3211 | D:4      | Found an iron altar of Okawaru.
  3278 | D:4      | Killed from afar by an orc priest

Illustrated notes

Levels and vault maps discovered:
D:1:      matt_arrival_refuge, layout_loops_ring, hangedman_glass_teeth
D:2:      minmay_angry_zag, layout_rooms, grunt_temple_overflow_gold_and_silver,
          elyvilon_altar_5
D:3:      layout_basic
D:4:      layout_basic, okawaru_gym_becter, kennysheep_dice

Skill      XL: |  1  2  3  4  5 |
---------------+----------------+-----
Axes           | 3 4 5 |  5.5
Fighting       | 4 |  4.8
Dodging        | 1 |  1.9
Armour         | 4 |  4.3
Shields        | |  3.2

Action                   |  1- 3 |  4- 6 || total
-------------------------+-------+-------++-------
Melee: War axe           |   103 |   115 ||   218
  Use: Scroll            |     6 |     1 ||     7
Armor: Scale mail        |    63 |    53 ||   116
Dodge: Dodged            |    49 |    64 ||   113
Block: Kite shield       |    71 |    82 ||   153

Table legend: (Time is in decaauts)
 A = Elapsed time spent in this place.
 B = Non-inter-level travel time spent in this place.
 C = Inter-level travel time spent in this place.
 D = Time resting spent in this place.
 E = Time spent auto-exploring this place.
 F = Levels seen in this place.
 G = Mean time per level.
                   A        B        C        D        E       F      G
               +--------+--------+--------+--------+--------+-----+--------+
         Total |   3394 |   3340 |     54 |    328 |   2434 |   4 |  848.5 |
       Dungeon |   3394 |   3340 |     54 |    328 |   2434 |   4 |  848.5 |
               +--------+--------+--------+--------+--------+-----+--------+

Top non-repeatable levels by time:
     D:1: 1090 daAuts
     D:3: 895 daAuts
     D:2: 741 daAuts
     D:4: 667 daAuts
